 Dungeon Crawl Stone Soup version 0.30.1-3-gfc49f6343a (webtiles) character file.

Game seed: 3299505629857774154

1844 croobank the Covert (level 8, 0/38 HPs)
             Began as a Felid Delver on July 23, 2023.
             Was an Initiate of Gozag.
             Slain by a killer bee (7 damage)
             ... on level 8 of the Dungeon.
             The game lasted 00:18:44 (5991 turns).

croobank the Covert (Felid Delver)                  Turns: 5991, Time: 00:18:44

Health: 0/38       AC:  2    Str:  8    XL:     8   Next: 88%
Magic:  14/14      EV: 22    Int: 13    God:    Gozag
Gold:   385        SH:  0    Dex: 18    Spells: 8/14 levels left
                                        Lives:  0   Deaths: 2

rFire   + +          .
                       - Unarmed
rCold   + . .        (shield unavailable)
rNeg    . . .        (body armour unavailable)
rPois   +            (helmet unavailable)
rElec   +            (cloak unavailable)
rCorr   +            (gloves unavailable)
SInv    +            (boots unavailable)
Will    +....        v - amulet of regeneration
Stlth   +++++        h - ring of protection from fire
HPRegen 1.06/turn    (no ring)
MPRegen 0.14/turn

%: no passive effects
@: mighty, lethally poisoned (0 -> 0), resistant, quick
A: very small, claws 1, fangs 3, see invisible, speed 1, shaggy fur 2, stealthy
paws, no weapons or thrown items, no armour, multi-lived
a: Renounce Religion, Potion Petition, Call Merchant, Bribe Branch


You were on level 8 of the Dungeon.
You worshipped Gozag.
Gozag was aware of your devotion.
You visited 2 branches of the dungeon, and saw 9 of its levels.

You collected 499 gold pieces.
You paid 114 gold pieces to Gozag.

Inventory:

Jewellery
 h - a ring of protection from fire (left paw)
 t - a +6 ring of strength
 v - an amulet of regeneration (around neck)
Wands
 e - a wand of digging (2)
 i - a wand of iceblast (8)
 l - a wand of mindburst (24)
 s - a wand of light (4)
Scrolls
 a - 3 scrolls of fog
 b - 3 scrolls of teleportation
 c - a scroll of amnesia
 o - a scroll of summoning
 x - a scroll of identify
Potions
 d - a potion of haste
 f - 2 potions of resistance
 g - 2 potions of might
 j - 5 potions of brilliance {unknown}
 k - 3 potions of magic {unknown}
 m - a potion of degeneration {unknown}
 n - a potion of flight {unknown}
 p - 2 potions of lignification {unknown}
 q - 2 potions of mutation {unknown}
 r - a potion of heal wounds {unknown}
 u - 2 potions of curing


   Skills:
 + Level 6.1 Fighting
 + Level 7.4 Dodging
 + Level 10.2 Stealth
 + Level 5.6 Unarmed Combat
 * Level 3.5 Spellcasting
 * Level 5.7 Translocations


You had 8 spell levels left.
You knew the following spells:

 Your Spells              Type           Power      Damage    Failure   Level
a - Blink                 Tloc           34%        N/A       3%          2
b - Manifold Assault      Tloc           17%        N/A       21%         4

Your spell library contained the following spells:

 Spells                   Type           Power      Damage    Failure   Level
 Magic Dart               Conj           8%         1d3       22%         1
 Call Imp                 Summ           4%         N/A       32%         2
 Mephitic Cloud           Conj/Pois/Air  2%         N/A       54%         3
 Stone Arrow              Conj/Erth      4%         3d7       54%         3
 Dispersal                Tloc           8%         N/A       97%         6
 Storm Form               Tmut/Air       1%         N/A       100%        7
 Disjunction              Tloc           8%         N/A       100%        8
 Lehudib's Crystal Spear  Conj/Erth      1%         10d2      100%        8
 Animate Armour           Summ/Erth      Unusable   N/A       N/A         4

Dungeon Overview and Level Annotations

Branches:
Dungeon (8/15)             Temple (1/1) D:7
   Lair: D:8-11

Altars:
Ashenzari
Cheibriados
Dithmenos
Fedhas
Gozag
Hepliaklqana
Kikubaaqudgha
Makhleb
Nemelex Xobeh
Okawaru
Qazlal
Sif Muna
Trog
Vehumet
Wu Jian
Xom
Yredelemnul
The Shining One


Innate Abilities, Weirdness & Mutations

You have sharp claws.
You have razor-sharp teeth.
You have supernaturally acute eyesight. (SInv)
You cover ground quickly. (Speed+)
You are covered in thick fur. (AC +2)
Your paws help you pounce on unaware monsters.
You are incapable of wielding weapons or throwing items.
You cannot wear armour.
You gain extra lives every three experience levels.


Message History

You are no longer poisoned.
The killer bee is distracted by your dazzling golden aura.
The killer bee stings you.
You barely miss the killer bee. The killer bee completely misses you.
The killer bee misses you.
You closely miss the killer bee.
The killer bee is no longer distracted by gold.
The killer bee stings you!
You are poisoned.
The killer bee poisons you!
You claw the killer bee! Your claw misses the killer bee.
Your bite misses the killer bee.
The killer bee is moderately wounded.
You feel very sick. The killer bee misses you. x2
You miss the killer bee.
The killer bee is moderately wounded.
You feel sick. The killer bee closely misses you. The killer bee stings you.
You are more poisoned.
The killer bee poisons you!
You closely miss the killer bee. Your claw misses the killer bee.
The killer bee is moderately wounded.
You feel very sick. The killer bee misses you.
The killer bee barely misses you.
You closely miss the killer bee. Your bite misses the killer bee.
The killer bee is moderately wounded.
You feel sick. The killer bee stings you.
* * * LOW HITPOINT WARNING * * *
The killer bee is distracted by your dazzling golden aura. x2
You barely miss the killer bee.
The killer bee is no longer distracted by gold.
The killer bee buzzes angrily.
You bite the killer bee.
The killer bee is severely wounded.
You feel sick. The killer bee completely misses you.
You miss the killer bee.
The killer bee is severely wounded.
You feel sick. The killer bee barely misses you. The killer bee stings you!
You die...
Your body crumbles into a pile of gold.

....# ....# )...# ....#
)...# ##### ....# #...#
.)..###...#
##........#############
##.##..........@yy...#
#.####...##########...yy
#># ###<..# #.y #.#
###.# #.# .# #.# . #..
.# .


You could see 2 killer bees.

Vanquished Creatures
  Grinder (D:4)
  Sigmund (D:4)
  A water moccasin (D:7)
  2 ice beasts
  Duvessa (D:5)
  3 centaurs
  2 kobold brigands (D:7)
  A bullfrog (D:7)
  3 scorpions
  Dowan (D:5)
  3 killer bees (D:8)
  4 howler monkeys
  A jelly (D:6)
  2 hounds
  A gnoll bouda (D:7)
  A sleepcap (D:4)
  An orc wizard (D:6)
  11 gnolls
  3 adders
  A worm (D:2)
  3 dart slugs
  6 orcs
  4 bats
  10 endoplasms
  9 giant cockroaches
  2 goblins
  4 hobgoblins
  2 jackals
  16 kobolds
  4 quokkas
  4 ball pythons
  A frilled lizard (D:1)
  5 rats
114 creatures vanquished.

Vanquished Creatures (collateral kills)
  A water moccasin (D:8)
  An orc warrior (D:8)
  An orc priest (D:8)
  3 orcs (D:8)
6 creatures vanquished.

Grand Total: 120 creatures vanquished

Notes
Turn   | Place    | Note
-------+----------+-------------------------------------------
     0 | D:5      | croobank the Felid Delver began the quest for the Orb.
     0 | D:5      | Reached XP level 1. HP: 10/10 MP: 2/2
    34 | D:7      | Noticed a hound
    35 | D:7      | Found a shimmering blue altar of Sif Muna.
    69 | D:6      | Noticed a howler monkey
    99 | D:5      | Noticed a howler monkey
   120 | D:5      | Reached XP level 2. HP: 14/14 MP: 3/3
   138 | D:4      | Reached skill level 7 in Stealth
   138 | D:4      | Reached XP level 3. HP: 17/17 MP: 4/4
   138 | D:4      | Noticed Sigmund
   151 | D:4      | Killed Sigmund
   152 | D:4      | Reached XP level 4. HP: 13/22 MP: 5/5
   152 | D:4      | Reached XP level 5. HP: 14/25 MP: 6/6
   280 | D:4      | Found a stormy altar of Qazlal.
   313 | D:4      | Noticed Grinder
   323 | D:4      | Killed Grinder
   324 | D:4      | Reached skill level 5 in Dodging
   324 | D:4      | Reached skill level 8 in Stealth
   324 | D:4      | Gained mutation: You are covered in thick fur. (AC +2)
                  | [Felid growth]
   324 | D:4      | Reached XP level 6. HP: 25/29 MP: 7/7
   625 | D:2      | Found a shadowy altar of Dithmenos.
  2052 | D:3      | Found a shadowy altar of Dithmenos.
  3456 | D:5      | Noticed Dowan
  3463 | D:5      | Noticed Duvessa
  3464 | D:5      | Killed Dowan
  3465 | D:5      | Reached XP level 7. HP: 33/33 MP: 8/8
  3495 | D:5      | Mangled by Duvessa
  3496 | D:5      | Reached XP level 6. HP: -11/30 MP: 7/7
  3554 | D:5      | Reached skill level 5 in Fighting
  3559 | D:5      | Slain by Duvessa
  3560 | D:5      | Reached XP level 5. HP: -5/26 MP: 6/6
  3728 | D:5      | Killed Duvessa
  3729 | D:5      | Reached skill level 9 in Stealth
  3729 | D:5      | Reached XP level 6. HP: 30/30 MP: 7/7
  3760 | D:5      | Found an ancient bone altar of Kikubaaqudgha.
  3987 | D:6      | Noticed an ice beast
  3992 | D:6      | Learned a level 2 spell: Blink
  4001 | D:6      | Killed an ice beast
  4002 | D:6      | Reached skill level 1 in Translocations
  4002 | D:6      | Reached XP level 7. HP: 33/33 MP: 7/9
  4103 | D:5      | Reached skill level 1 in Spellcasting
  4307 | D:6      | Learned a level 4 spell: Manifold Assault
  4479 | D:6      | Reached skill level 5 in Unarmed Combat
  5111 | D:7      | Found a staircase to the Ecumenical Temple.
  5131 | D:7      | Reached XP level 8. HP: 38/38 MP: 12/12
  5141 | Temple   | Entered the Ecumenical Temple
  5291 | Temple   | Became a worshipper of Gozag Ym Sagoz the Greedy
  5572 | D:7      | Reached skill level 10 in Stealth
  5814 | D:7      | Reached skill level 5 in Translocations
  5991 | D:8      | Slain by a killer bee

Illustrated notes

Levels and vault maps discovered:
D:1:      psy_arrival_whirlpool, layout_loops_ring
D:2:      layout_basic, basic_altar, minivault_4
D:3:      layout_basic, nicolae_overflow_crystal_walls
D:4:      layout_basic, mainiacjoe_overflow_cross_hatched,
          kennysheep_generic_room_10, uniq_grinder, uniq_sigmund
D:5:      nicolae_BIG_FREAKIN_CUBE, layout_cave_pools, kennysheep_mini,
          uniq_duvessa
D:6:      layout_cave_pods, minmay_misc_feat_five
D:7:      layout_basic, nicolae_sif_muna_condensation,
          minmay_temple_entry_overgrown, st_stairs_1
D:8:      layout_rooms, ebering_ghost_reflecting_pool, enter_ossuary_2
Temple:   minmay_temple_curvy_branch

Skill      XL: |  1  2  3  4  5  6  7  8 |
---------------+-------------------------+-----
Dodging        | 3 4 6 7 |  7.4
Stealth        | 7 9 10 | 10.2
Fighting       | 4 5 6 |  6.1
Unarmed Combat | 3 4 5 |  5.6
Translocations | 1 3 5 |  5.7
Spellcasting   | 2 3 |  3.5

Action                     |  1- 3 |  4- 6 |  7- 9 || total
---------------------------+-------+-------+-------++-------
  Melee: Unarmed           |     6 |   147 |   171 ||   324
         Bite              |     1 |    15 |    21 ||    37
         Punch             |       |     6 |     7 ||    13
  Evoke: Wand              |     3 |    17 |    14 ||    34
    Use: Scroll            |       |    10 |     4 ||    14
         Potion            |       |       |     4 ||     4
   Stab: Sleeping          |     2 |    22 |     2 ||    26
         Distracted        |       |     1 |     2 ||     3
 Armour: Skin              |       |     6 |     8 ||    14
  Dodge: Dodged            |     4 |   106 |   166 ||   276
